 Dungeon Crawl Stone Soup version 0.26-a0-546-g3c2127501a (webtiles) character file.

Game seed: 1671517527482747652

1242226 Turtleman12345 the Annihilator (level 27, -28/147 HPs)
             Began as a Deep Elf Ice Elementalist on Aug 18, 2020.
             Was the Champion of Vehumet.
             Killed from afar by a Brimstone Fiend (42 damage)
             ... with damnation
             ... in Pandemonium on Aug 19, 2020.
             The game lasted 07:51:51 (175270 turns).

Turtleman12345 the Annihilator (DEIE)             Turns: 175270, Time: 07:51:52

Health: -28/147    AC: 12    Str:  5    XL:     27
Magic:  3/59       EV: 34    Int: 34    God:    Vehumet [******]
Gold:   10081      SH:  5    Dex: 18    Spells: 8/80 levels left

rFire    + + +     SeeInvis +   E - staff of wizardry
rCold    + + +     Faith    .   F - +0 buckler {reflect}
rNeg     + . .     Spirit   .   V - +2 robe {rC+ rF+}
rPois    +         Reflect  +   R - +2 hood of the Assassin {Detection Stab+ Stlth++}
rElec    +         Harm     .   K - scarf {repulsion}
rCorr    .                      s - +0 pair of gloves {Dex+3}
MR       +++..                  O - +2 pair of boots {run}
Stlth    +++++++++.             m - amulet "Bugh" {Acrobat rF+ rN+ Dex+4}
HPRegen  0.34/turn              Q - ring of Reimbursement {*Contam rElec rPois rC++ MP+9}
MPRegen  0.36/turn              U - ring of Hevuoh {*Slow rF++ MR+ SInv}

@: very slightly contaminated, slowed, repel missiles, very slow
A: yellow scales 1, clumsy 2, fire resistance 1, frail 2, low mp 1, mutation
resistance 1
}: 10/15 runes: decaying, serpentine, silver, iron, obsidian, icy, demonic,
glowing, magical, fiery
a: Renounce Religion


You were in Pandemonium.
You worshipped Vehumet.
Vehumet was exalted by your worship.
You visited 13 branches of the dungeon, and saw 66 of its levels.
You visited Pandemonium 1 time, and saw 14 of its levels.
You visited the Abyss 3 times.
You also visited: Sewer, Ossuary, Ice Cave and Desolation.

You collected 12330 gold pieces.
You spent 2249 gold pieces at shops.

Inventory:

Hand Weapons
 B - the +8 lance "Wyrmbane" {slay drac, rPois rF+ rC+ AC+3}
   (You took it off an iron imp on level 7 of the Iron City of Dis)

   It affects your AC (+3).
   It protects you from fire.
   It protects you from cold.
   It protects you from poison.
Missiles
 N - 37 atropa-tipped darts (quivered)
Armour
 s - a +0 pair of gloves of dexterity (worn)
 F - a +0 buckler of reflection (worn)
 K - a scarf of repulsion (worn)
 O - a +2 pair of boots of running (worn)
 R - the +2 hood of the Assassin (worn) {Detection Stab+ Stlth++}
   (You acquired it on level 2 of the Vaults)

   It makes you much more stealthy.
 V - a +2 robe of resistance (worn)
Magical Staves
 p - an uncursed staff of cold
 x - an uncursed staff of fire
 E - an uncursed staff of wizardry (weapon)
Jewellery
 m - the amulet "Bugh" (around neck) {Acrobat rF+ rN+ Dex+4}
   (You found it in the Desolation of Salt)

   [amulet of the acrobat]

   It helps you evade while moving and waiting.
   It affects your dexterity (+4).
   It protects you from fire.
   It protects you from negative energy.
 r - the ring of Goilex {rPois rN++ AC+4}
   (You found it on level 7 of the Iron City of Dis)

   [ring of protection]

   It affects your AC (+4).
   It protects you from poison.
   It greatly protects you from negative energy.
 z - the ring "Nomin" {+Fly Dex+6}
   (You found it in the Desolation of Salt)

   [ring of dexterity]

   It affects your dexterity (+6).
   It lets you fly.
 Q - the ring of Reimbursement (left hand) {*Contam rElec rPois rC++ MP+9}
   (You found it on level 3 of the Elven Halls)

   [ring of poison resistance]

   It greatly protects you from cold.
   It insulates you from electricity.
   It protects you from poison.
   It affects your magic capacity (+9).
   It causes magical contamination when unequipped.
 U - the ring of Hevuoh (right hand) {*Slow rF++ MR+ SInv}
   (You took it off a frost giant on level 3 of the Depths)

   [ring of protection from magic]

   It greatly protects you from fire.
   It affects your resistance to hostile enchantments.
   It lets you see invisible.
   It may slow you when you take damage.
Wands
 b - a wand of enslavement (18)
 h - a wand of disintegration (36)
 j - a wand of digging (33)
 o - a wand of polymorph (98)
 G - a wand of paralysis (23)
 I - a wand of iceblast (104)
 W - a wand of flame (154)
 Y - a wand of acid (28)
Scrolls
 g - 20 scrolls of magic mapping
 k - 50 scrolls of teleportation
 l - 13 scrolls of enchant armour
 n - 8 scrolls of identify
 q - 18 scrolls of enchant weapon
 t - 4 scrolls of holy word
 v - 2 scrolls of summoning
 y - 15 scrolls of fear
 A - 27 scrolls of remove curse
 C - 20 scrolls of amnesia
 P - 6 scrolls of silence
 S - 3 scrolls of blinking
 T - 7 scrolls of immolation
 Z - 10 scrolls of fog
Potions
 c - 15 potions of haste
 d - 4 potions of mutation
 e - 18 potions of lignification
 f - 4 potions of invisibility
 i - 8 potions of brilliance
 u - a potion of magic
 w - 29 potions of curing
 D - 9 potions of ambrosia
 H - 4 potions of resistance
 J - 3 potions of heal wounds
 L - 5 potions of cancellation
 M - 14 potions of might
Miscellaneous
 a - a phantom mirror
 X - a condenser vane (2/2)


   Skills:
 + Level 22.1 Fighting
 + Level 10.4(11.0) Polearms
 - Level 8.0(11.5) Staves
 O Level 27 Dodging
 + Level 18.0 Stealth
 - Level 4.0 Shields
 O Level 27 Spellcasting
 O Level 27 Conjurations
 - Level 14.7 Summonings
 - Level 14.0 Translocations
 + Level 21.4 Fire Magic
 O Level 27 Ice Magic
 + Level 21.4 Air Magic
 - Level 25.0 Earth Magic
 + Level 20.1 Evocations


You had 8 spell levels left.
You knew the following spells:

 Your Spells              Type           Power        Failure   Level
a - Freeze                Ice            ####         0%          1
b - Frozen Ramparts       Ice            ######       0%          3
c - Ozocubu's Armour      Ice            ########     0%          3
d - Hailstorm             Conj/Ice       ########     0%          4
e - Summon Ice Beast      Ice/Summ       ########     0%          4
f - Stone Arrow           Conj/Erth      ######       0%          3
g - Iron Shot             Conj/Erth      ########..   0%          6
h - Spellforged Servitor  Conj/Summ      ########..   1%          7
i - Ozocubu's Refrigerat  Ice            ########..   0%          6
j - Absolute Zero         Ice            ########..   1%          9
k - Controlled Blink      Tloc           N/A          4%          8
l - Fire Storm            Conj/Fire      ########..   1%          9
m - Tornado               Air            ########..   1%          9

Your spell library contained the following spells:

 Spells                   Type           Power        Failure   Level
 Apportation              Tloc           ######       0%          1
 Foxfire                  Conj/Fire      ####         0%          1
 Magic Dart               Conj           ####         0%          1
 Sandblast                Erth           ######       0%          1
 Shock                    Conj/Air       ####         0%          1
 Summon Small Mammal      Summ           ####         0%          1
 Blink                    Tloc           N/A          0%          2
 Call Imp                 Summ           #######.     0%          2
 Corpse Rot               Necr/Air       N/A          0%          2
 Ensorcelled Hibernation  Hex/Ice        ######       0%          2
 Passwall                 Tmut/Erth      #######.     0%          2
 Searing Ray              Conj           ######       0%          2
 Swiftness                Air            ########     0%          2
 Call Canine Familiar     Summ           #######.     0%          3
 Conjure Flame            Conj/Fire      ########     0%          3
 Dazzling Flash           Conj/Hex       ######       0%          3
 Gell's Gravitas          Tloc           #######...   0%          3
 Inner Flame              Hex/Fire       #######.     0%          3
 Lesser Beckoning         Tloc           #######...   0%          3
 Mephitic Cloud           Conj/Pois/Air  ########     0%          3
 Static Discharge         Conj/Air       ########     0%          3
 Teleport Other           Tloc           #######.     0%          3
 Fulminant Prism          Conj/Hex       #######...   0%          4
 Ice Form                 Ice/Tmut       #######.     0%          4
 Iskenderun's Mystic Bla  Conj/Tloc      ########     0%          4
 Passage of Golubria      Tloc           N/A          0%          4
 Sticky Flame             Conj/Fire      ########     0%          4
 Summon Lightning Spire   Summ/Air       ########     0%          4
 Bolt of Magma            Conj/Fire/Erth ########..   0%          5
 Fireball                 Conj/Fire      ########..   0%          5
 Iskenderun's Battlesphe  Conj           ########     0%          5
 Lee's Rapid Deconstruct  Erth           ########..   0%          5
 Conjure Ball Lightning   Conj/Air       ########..   0%          6
 Freezing Cloud           Conj/Ice/Air   ########..   0%          6
 Starburst                Conj/Fire      ########..   0%          6
 Orb of Destruction       Conj           ########..   0%          7
 Animate Skeleton         Necr           #####.       1%          1
 Beastly Appendage        Tmut           #####.       1%          1
 Corona                   Hex            #####..      1%          1
 Pain                     Necr           ####         1%          1
 Slow                     Hex            #####...     1%          2
 Wereblood                Tmut           #####...     1%          2
 Confusing Touch          Hex            #####...     1%          3
 Ignite Poison            Fire/Tmut/Pois #######.     1%          3
 Portal Projectile        Hex/Tloc       ######       1%          3
 Summon Guardian Golem    Hex/Summ       #######.     1%          3
 Tukima's Dance           Hex            #####...     1%          3
 Vampiric Draining        Necr           #####.....   1%          3
 Animate Dead             Necr           #####.....   1%          4
 Cause Fear               Hex            #####.....   1%          4
 Dispel Undead            Necr           #####...     1%          4
 Leda's Liquefaction      Hex/Erth       #######...   1%          4
 Petrify                  Tmut/Erth      #######.     1%          4
 Irradiate                Conj/Tmut      #######...   1%          5
 Metabolic Englaciation   Hex/Ice        #######...   1%          5
 Silence                  Hex/Air        #######...   1%          5
 Summon Forest            Summ/Tloc      #######...   1%          5
 Yara's Violent Unravell  Hex/Tmut       #####.....   1%          5
 Dispersal                Tloc           #######...   1%          6
 Shadow Creatures         Summ           N/A          1%          6
 Simulacrum               Ice/Necr       #######...   1%          6
 Statue Form              Tmut/Erth      #######..    1%          6
 Malign Gateway           Summ/Tloc      #######...   1%          7
 Monstrous Menagerie      Summ           #######...   1%          7
 Summon Greater Demon     Summ           #######...   1%          7
 Summon Hydra             Summ           #######...   1%          7
 Chain Lightning          Conj/Air       ########..   1%          8
 Ignition                 Fire           ########..   1%          8
 Lehudib's Crystal Spear  Conj/Erth      ########..   1%          8
 Summon Horrible Things   Summ           #######...   2%          8
 Disjunction              Tloc           #######...   4%          8
 Alistair's Intoxication  Tmut/Pois      #####....    5%          5
 Blade Hands              Tmut           #####.....   5%          5
 Haunt                    Necr/Summ      #######...   8%          7
 Eringya's Noxious Bog    Tmut/Pois      #####.....   26%         6
 Hydra Form               Tmut           #####.....   26%         6
 Invisibility             Hex            #####...     26%         6
 Dragon Form              Tmut           #####.....   80%         7
 Borgnjor's Revivificati  Necr           #####.....   100%        8
 Discord                  Hex            #####.....   100%        8
 Infestation              Necr           #####.....   100%        8
 Necromutation            Tmut/Necr      #####.....   100%        8
 Death's Door             Necr           #####.....   100%        9


Dungeon Overview and Level Annotations

Branches:
Dungeon (15/15)            Temple (0/1) D:7            Lair (6/6) D:11
  Swamp (4/4) Lair:4        Snake (4/4) Lair:2        Slime (0/5) Lair:5
    Orc (2/2) D:12            Elf (3/3) Orc:2        Vaults (5/5) D:13
  Crypt (0/3) Vaults:2     Depths (5/5) D:15           Hell (visited)
    Dis (7/7) Hell            Geh (7/7) Hell            Coc (7/7) Hell
    Tar (1/7) Hell            Zot (0/5) Depths:5      Sewer (visited)
Ossuary (visited)           IceCv (visited)         Desolation (visited)

Altars:
Ashenzari
Dithmenos
Elyvilon
Hepliaklqana
Kikubaaqudgha
Makhleb
Okawaru
Qazlal
Sif Muna
Uskayaw
Vehumet
Wu Jian
Xom
Yredelemnul
Beogh
Jiyva

Shops:
D:8 [   D:9 :   Orc:2 =[===   Snake:4 ([([   Vaults:2 ?   Vaults:3 (
Vaults:4 :   Vaults:5 *   Depths:1 :**}=   Depths:2 (

Portals:
Hell: Depths:2 Depths:3 Depths:4 Depths:5
Abyss: Depths:4
Pandemonium: Depths:3
Ziggurat: Depths:1
Bazaar: Depths:5

Annotations:
D:8 1 runed translucent door
D:10 2 runed translucent doors
Lair:2 1 runed translucent door, Gargoyl's ghost, journeyman GnAK
Depths:2 2 runed translucent doors


Innate Abilities, Weirdness & Mutations

You are partially covered in yellow scales. (AC +2)
You are very clumsy. (Dex -4)
Your flesh is heat resistant. (rF+)
You are very frail. (-20% HP)
Your magical capacity is low. (-10% MP)
You are somewhat resistant to further mutation.


Message History

* * * LOW HITPOINT WARNING * * *
The smoke demon hits the chaos spawn shaped block of ice.
The smoke demon hits the chaos spawn shaped block of ice but does no damage.
The smoke demon completely misses the chaos spawn shaped block of ice.
Casting: Fire Storm (dangerous; 1% risk of failure)
Confirm with . or Enter, or press ? or * to list all spells.
Press: ? - help, Dir - move target cursor You are very lightly contaminated with residual magic.
The chaos spawn shaped block of ice melts away.
The Brimstone Fiend hits your fire vortex!!
The Brimstone Fiend barely misses your fire vortex.
The Brimstone Fiend hits your fire vortex!
The Brimstone Fiend hits your fire vortex. x3
The smoke demon gestures at you.
The ball of steam hits your fire vortex.
Your fire vortex resists.
The ball of steam misses you. The Brimstone Fiend gestures at you.
The sphere of damnation explodes!
The damnation engulfs you!!!
You die...

######.######
#..$........#
#§§.≈.§.§.§@#
#.§.....§v..#
#§≈.≈§≈§≈.≈.#
#....383^...#
#∩≈.≈.≈§§.§.#
#..48.8.....#
#.≈.≈§1.≈°≈.#
#.....).°...#
#############


You could see a Brimstone Fiend, a sun demon and a friendly fire vortex.

Vanquished Creatures
  Cerebov (Pan)
  Antaeus (Coc:7)
  Asmodeus (Geh:7)
  Lom Lobon (Pan)
  Mnoleg (Pan)
  9 pandemonium lords (Pan)
  An ancient lich (Vaults:5)
  Dispater (Dis:7)
  Mara (Vaults:4)
  5 juggernauts
  Sojobo (Depths:1)
  39 shard shrikes
  Saint Roka (Depths:1)
  4 caustic shrikes
  Xtahua (Vaults:4)
  Geryon (Hell)
  Jory (Depths:5)
  9 golden dragons
  A profane servitor (Abyss:1)
  12 liches
  24 Tzitzimimeh
  25 bone dragons
  9 iron giants
  A hellephant (Abyss:1)
  84 Brimstone Fiends
  5 doom hounds
  9 tentacled monstrosities
  44 Ice Fiends
  21 Hell Sentinels
  Jorgrun (D:14)
  4 deep elf master archers (Elf:3)
  20 Executioners
  9 titans
  6 quicksilver dragons
  4 deep elf blademasters (Elf:3)
  Agnes (Vaults:4)
  Frances (Swamp:2)
  16 tengu reavers
  9 storm dragons
  8 warmongers (Pan)
  5 tentacled starspawn
  A sphinx (Vaults:5)
  8 ancient champions
  2 shadow dragons
  7 nagarajas
  Donald (Vaults:4)
  A draconian monk (Depths:5)
  A revenant (Hell)
  2 thorn hunters (Swamp:2)
  6 imperial myrmidons (Desolation)
  7 deep elf sorcerers
  36 cacodemons
  68 balrugs
  21 fire giants
  15 iron dragons
  16 frost giants
  A draconian shifter (Depths:5)
  2 orc warlords
  18 vault wardens
  5 corrupters (Pan)
  14 ironheart preservers
  22 stone giants
  3 deep elf elementalists
  147 reapers
  3 spriggan defenders
  An entropy weaver (shapeshifter) (Depths:5)
  9 very ugly things
  3 draconian annihilators (Pan)
  9 blood saints (Pan)
  24 war gargoyles
  5 elemental wellsprings
  18 lorocyprocas
  Nessos (D:14)
  6 vampire knights
  11 starcursed masses
  6 deep elf demonologists
  2 green draconians (Depths:5)
  A black draconian (Depths:5)
  3 yellow draconians
  12 deep elf annihilators
  7 black suns (Pan)
  3 purple draconians
  A white draconian (Depths:5)
  6 spark wasps
  2 halazid warlocks (Desolation)
  An eidolon (Abyss:1)
  Snorg (D:14)
  8 deep elf death magi
  2 crystal guardians (Desolation)
  11 quicksilver dragon zombies
  5 jiangshi (Depths:1)
  29 green deaths
  11 ettins
  2 merfolk javelineers
  55 blizzard demons
  5 kraken zombies
  6 deep elf high priests
  7 fire dragons
  19 yaktaur captains
  11 ogre magi
  7 servants of whispers (Desolation)
  5 rakshasas
  48 ice dragons
  8 great orbs of eyes
  Erolcha (D:11)
  12 ragged hierophants (Desolation)
  36 vault guards
  4 peacekeepers (Desolation)
  13 quicksilver dragon skeletons
  4 hell beasts
  5 spriggan air magi
  26 hydras
  12 naga warriors
  2 juggernaut simulacra (Pan)
  9 monstrous demonspawn (Pan)
  3 catoblepae
  A ghost crab (Swamp:4)
  The ghost of Libelnon the Thaumaturge, a journeyman HuWz of Sif Muna (Lair:1)
  11 alligators
  A shambling mangrove (Swamp:3)
  17 anacondas
  7 centaur warriors
  28 two-headed ogres
  11 deep troll shamans
  5 death knights
  8 deep troll earth magi
  26 dancing weapons
  4 orc high priests
  6 tengu warriors
  3 vampire magi
  95 hell hogs
  4 spriggan berserkers
  A shock serpent (shapeshifter) (Elf:1)
  22 naga sharpshooters
  13 titan zombies
  6 holy swine (Pan)
  Urug (D:13)
  8 thrashing horrors
  39 soul eaters
  8 shock serpents
  118 sun demons
  19 storm dragon zombies
  15 iron trolls
  16 deep elf knights
  2 fire crabs (shapeshifter)
  11 iron golems
  4 wretched stars
  72 hell knights
  2 shadow wraiths
  12 titan skeletons
  A fire crab (Lair:6)
  38 sixfirhies
  9 storm dragon skeletons
  2 gelid demonspawn (Pan)
  Nergalle (D:11)
  5 unseen horrors
  11 swamp dragons
  18 deep elf archers
  126 skeletal warriors
  A spatial maelstrom (Abyss:1)
  18 golden dragon zombies
  5 ghost moth zombies
  30 anaconda zombies
  A salamander mystic (Snake:3)
  16 shadow dragon zombies
  3 infernal demonspawn (Pan)
  10 naga ritualists
  5 spriggan druids
  13 shadow demons
  7 wizards
  7 golden dragon skeletons
  A swamp dragon (shapeshifter) (Depths:4)
  6 glowing orange brains
  16 flayed ghosts
  11 ironbrand convokers
  4 torturous demonspawn (Pan)
  32 deep trolls
  19 phantasmal warriors
  11 wolf spider zombies
  Pikel (D:5)
  An orb spider (Abyss:1)
  14 anaconda skeletons
  2 harpies (shapeshifter) (Depths:1)
  9 mana vipers
  76 large abominations
  9 shadow dragon skeletons
  20 fire giant zombies
  61 deep elf magi
  5 wolf spiders
  13 iron dragon zombies
  21 necromancers
  16 orc knights
  A mana viper (shapeshifter) (Depths:4)
  6 orc sorcerers
  25 frost giant zombies
  3 worldbinders
  2 shining eyes (shapeshifter)
  26 ugly things
  23 stone giant zombies
  2 shining eyes (Pan)
  11 fire giant skeletons
  5 shock serpent zombies
  13 dire elephant zombies
  25 naga magi
  7 cyclopes
  11 frost giant skeletons
  9 salamanders
  35 black mambas
  12 iron dragon skeletons
  16 stone giant skeletons
  2 manticores (D:14)
  2 water nymphs (shapeshifter)
  82 rust devils
  8 ice statues
  An eye of devastation (Pan)
  An apocalypse crab (Abyss:1)
  7 molten gargoyles
  10 dire elephant skeletons
  16 guardian serpents
  A guardian serpent (shapeshifter) (Vaults:1)
  5 spectral swamp worms (Depths:5)
  5 titan simulacra
  4 storm dragon simulacra
  77 smoke demons
  46 orange demons
  5 emperor scorpion zombies
  2 shock serpent skeletons
  18 vault sentinels
  2 gargoyles
  91 hellions
  24 cane toads
  8 rime drakes
  A minotaur zombie (Dis:2)
  8 komodo dragons
  5 kobold demonologists
  33 efreet
  52 yaktaurs
  96 freezing wraiths
  5 anaconda simulacra
  A komodo dragon (shapeshifter) (Vaults:1)
  10 catoblepas zombies
  68 ice devils
  29 hydra zombies
  123 tormentors
  4 ancient zymes
  2 queen bees
  21 trolls
  100 red devils
  31 demonic crawlers (Pan)
  3 tengu conjurers
  7 harpy zombies
  36 hellwings
  A golden dragon simulacrum (Coc:1)
  7 tyrant leeches
  A catoblepas skeleton (Geh:5)
  49 saltlings (Desolation)
  3 shadow dragon simulacra
  3 polar bears (Lair:6)
  A raiju (shapeshifter) (Depths:4)
  3 harpy skeletons
  4 wolf spider simulacra
  23 hippogriffs
  A wind drake (shapeshifter) (Elf:3)
  12 hornets
  8 hydra skeletons
  19 raiju (Abyss:1)
  2 hippogriffs (shapeshifter)
  Prince Ribbit (D:5)
  3 bog bodies
  32 slime creatures
  9 blink frogs
  21 ice dragon zombies
  A frost giant simulacrum (Coc:1)
  17 fire dragon zombies
  16 ettin zombies
  A dream sheep (Lair:6)
  A fire giant simulacrum (Coc:2)
  17 alligator zombies
  An iron dragon simulacrum (Coc:2)
  22 ettin skeletons
  A stone giant simulacrum (Coc:7)
  251 flying skulls
  A vampire (D:13)
  10 black mamba zombies
  8 alligator skeletons
  60 ynoxinuls
  4 air elementals
  24 spriggans
  54 shadows
  3 dire elephant simulacra
  37 water elementals
  35 yaks
  3 humans (Depths:2)
  A fire bat (Abyss:1)
  3 fire dragon skeletons
  A tarantella (shapeshifter) (Vaults:2)
  64 wraiths
  10 wyverns
  17 ice dragon skeletons
  7 basilisks
  A golden eye (Pan)
  68 chaos spawn
  32 neqoxecs
  4 black mamba skeletons
  3 merfolk zombies
  8 vampire mosquitoes
  44 fire elementals
  A death yak simulacrum (IceCv)
  2 emperor scorpion simulacra
  30 insubstantial wisps
  49 nagas
  12 swamp worms
  4 spatial vortices (Abyss:1)
  5 wargs
  12 cane toad zombies
  9 hydra simulacra
  An acid dragon (Vaults:2)
  12 water moccasins
  7 floating eyes
  11 porcupines
  A black bear (shapeshifter) (Vaults:5)
  191 hell hounds
  A merfolk skeleton (Coc:2)
  44 orc warriors
  12 swamp drakes
  29 ice beasts
  3 manticore zombies
  2 alligator simulacra (Coc:1)
  7 black bears
  An eye of draining (shapeshifter) (Depths:3)
  3 ice dragon simulacra
  2 swamp dragon zombies
  5 sky beasts
  An ettin simulacrum (Coc:2)
  5 eyes of draining
  9 snapping turtle zombies
  An ogre (shapeshifter) (D:14)
  32 necrophages
  13 phantoms
  10 cane toad skeletons
  3 manticore skeletons
  16 centaurs
  20 crocodiles
  10 snapping turtle skeletons
  4 swamp dragon skeletons
  19 wolves
  49 ogres
  16 boggarts
  A crocodile (shapeshifter) (Vaults:5)
  3 lemures (D:5)
  2 big kobolds
  A wyvern zombie (D:10)
  2 elf skeletons
  18 small abominations
  2 earth elementals (Elf:2)
  3 gnoll sergeants (D:9)
  A merfolk simulacrum (Hell)
  16 bullfrogs
  A wyvern skeleton (D:12)
  2 cane toad simulacra
  A spriggan zombie (Dis:7)
  2 troll zombies
  5 scorpions
  A human simulacrum (Vaults:3)
  52 killer bees
  2 swamp dragon simulacra (Coc:1)
  A snapping turtle simulacrum (Coc:1)
  204 wights
  A spriggan skeleton (Geh:1)
  An electric eel (Lair:6)
  7 howler monkeys
  22 crimson imps
  A troll skeleton (Geh:5)
  2 bullfrog zombies
  2 jellies
  4 quasits
  6 centaur zombies
  3 draconian simulacra (IceCv)
  11 hounds
  74 iron imps
  Crazy Yiuf (D:2)
  A gnoll shaman (D:9)
  28 orc priests
  3 human skeletons
  4 human zombies
  2 centaur skeletons
  4 bullfrog skeletons
  Ijyb (D:5)
  Natasha (twice) (D:2)
  Terence (D:2)
  6 iguanas
  30 orc wizards
  2 spriggan simulacra
  17 hell rats (Hell)
  2 polar bear simulacra (IceCv)
  3 troll simulacra (IceCv)
  14 worker ants
  3 big kobold zombies (Ossuary)
  3 centaur simulacra (IceCv)
  3 tengu zombies
  A tengu skeleton (Geh:4)
  A hound skeleton (D:11)
  Robin (D:3)
  22 mummies
  19 gnolls
  A howler monkey skeleton (D:11)
  26 adders
  An adder (shapeshifter) (Vaults:5)
  4 naga simulacra (IceCv)
  2 ogre simulacra (IceCv)
  7 river rats (Sewer)
  A tengu simulacrum (Coc:1)
  8 shadow imps
  36 white imps
  5 ufetubi
  2 oozes
  An adder skeleton (D:4)
  5 worms
  2 dart slugs (D:1)
  3 leopard geckos
  81 orcs
  8 bats
  3 giant cockroaches
  16 goblins
  10 hobgoblins
  13 jackals
  6 quokkas
  3 ball pythons
  11 frilled lizards
  2 hobgoblin zombies (Ossuary)
  13 kobolds
  2 kobold skeletons
  An orc skeleton (Geh:2)
  3 orc zombies
  A quokka skeleton (D:7)
  2 quokka zombies
  10 rats
  76 blocks of ice
  26 briar patches (Swamp:2)
  31 fire vortices
  5 fungi
  32 plants
  2 starspawn tentacles (Abyss:1)
  4 tentacles (Hell)
6649 creatures vanquished.

Vanquished Creatures (collateral kills)
  2 shard shrikes (Coc:7)
  Rupert (Orc:2)
  A quicksilver dragon (Dis:7)
  2 ancient champions
  3 cacodemons (Pan)
  4 reapers
  A balrug (Pan)
  A ghoul (Vaults:2)
  2 war gargoyles (Dis:7)
  A blizzard demon (Coc:7)
  A green death (Pan)
  Harold (D:11)
  An anaconda (Snake:4)
  A monstrous demonspawn (Pan)
  2 two-headed ogres
  An ogre mage (Orc:2)
  2 dancing weapons (Elf:2)
  A soul eater (Pan)
  A deep elf knight (Elf:2)
  2 sixfirhies (Pan)
  An anaconda zombie (Geh:6)
  10 skeletal warriors
  A swamp dragon (Swamp:3)
  A wolf spider zombie (Coc:7)
  A shadow dragon zombie (Coc:3)
  A golden dragon skeleton (Geh:1)
  An ugly thing (D:11)
  2 anaconda skeletons
  5 deep elf magi (Elf:2)
  A shining eye (Pan)
  A frost giant zombie (Dis:5)
  A dire elephant zombie (Coc:3)
  A black mamba (Snake:4)
  2 rust devils
  A naga mage (Snake:4)
  3 orange demons (Pan)
  4 smoke demons (Pan)
  A gargoyle (D:9)
  2 freezing wraiths (IceCv)
  A komodo dragon (Lair:6)
  An anaconda simulacrum (Coc:7)
  2 yaktaurs (Vaults:5)
  3 hellwings (Pan)
  A red devil (Pan)
  2 hydra zombies (Coc:7)
  A polar bear (Lair:6)
  2 hornets
  A slime creature (Swamp:1)
  An ice dragon zombie (Dis:3)
  Grinder (D:5)
  A ynoxinul (Pan)
  2 spriggans (Lair:6)
  A water elemental (Coc:7)
  7 yaks (Lair:6)
  Grum (D:11)
  A fire elemental (Geh:1)
  2 chaos spawn (Pan)
  A neqoxec (Pan)
  2 vampire mosquitoes (Swamp:3)
  A naga (Snake:4)
  A hell hound (Dis:7)
  5 ice beasts
  A black bear (Lair:6)
  2 orc warriors
  2 ogres (Orc:2)
  3 phantoms
  3 wolves
  A big kobold (D:9)
  A wyvern zombie (D:12)
  2 wights
  2 centaur zombies (Dis:7)
  A bullfrog skeleton (D:12)
  2 orc wizards
  A troll simulacrum (IceCv)
  A spriggan simulacrum (IceCv)
  A mummy (D:8)
  An ogre simulacrum (IceCv)
  A naga simulacrum (IceCv)
  5 white imps
  5 orcs
  5 kobolds
  7 blocks of ice
159 creatures vanquished.

Vanquished Creatures (others)
  A peacekeeper (Desolation)
  3 hell hogs
  A deep elf knight (Elf:1)
  A hellion (Geh:1)
  A shadow (Geh:1)
  A necrophage (Geh:1)
  An iron imp (Abyss:1)
  A quokka (D:14)
  1979 blocks of ice
  336 fire vortices
  13 fungi
  62 plants
  2 starspawn tentacles (Abyss:3)
  21 tentacles
2423 creatures vanquished.

Grand Total: 9231 creatures vanquished

Notes
Turn   | Place    | Note
-------+----------+-------------------------------------------
     0 | D:1      | Turtleman12345 the Deep Elf Ice Elementalist began the
                  | quest for the Orb.
     0 | D:1      | Reached XP level 1. HP: 10/10 MP: 6/6
    78 | D:1      | Reached XP level 2. HP: 15/15 MP: 2/8
   937 | D:2      | Found a shattered altar of Ashenzari.
   967 | D:2      | Reached XP level 3. HP: 5/20 MP: 2/9
  1050 | D:2      | Learned a level 3 spell: Frozen Ramparts
  1054 | D:2      | Learned a level 3 spell: Ozocubu's Armour
  1289 | D:2      | Reached skill level 5 in Ice Magic
  1471 | D:2      | Noticed Terence
  1478 | D:2      | Killed Terence
  1478 | D:2      | Reached skill level 1 in Fighting
  1478 | D:2      | Reached XP level 4. HP: 22/25 MP: 7/11
  2023 | D:2      | Noticed Natasha
  2028 | D:2      | Killed Natasha
  2028 | D:2      | Reached XP level 5. HP: 29/29 MP: 7/12
  2040 | D:2      | Learned a level 4 spell: Hailstorm
  2148 | D:2      | Noticed Natasha
  2158 | D:2      | Killed Natasha
  2407 | D:2      | Found a runed translucent door.
  2408 | D:2      | Noticed Crazy Yiuf
  2714 | D:2      | Killed Crazy Yiuf
  2714 | D:2      | Reached skill level 1 in Conjurations
  3013 | D:3      | Noticed Robin
  3021 | D:3      | Killed Robin
  3209 | D:3      | Reached XP level 6. HP: 29/34 MP: 12/14
  3434 | D:3      | Found a glowing drain.
  3446 | Sewer    | Entered a sewer
  4434 | D:3      | Reached skill level 1 in Shields
  4881 | D:4      | Reached XP level 7. HP: 40/40 MP: 11/16
  4887 | D:4      | Learned a level 4 spell: Summon Ice Beast
  5149 | D:4      | Found a radiant altar of Vehumet.
  5162 | D:4      | Became a worshipper of Vehumet
  5468 | D:4      | Reached skill level 5 in Spellcasting
  5468 | D:4      | Reached skill level 1 in Summonings
  6004 | D:5      | Entered Level 5 of the Dungeon
  6004 | D:5      | Noticed Prince Ribbit
  6015 | D:5      | Killed Prince Ribbit
  6015 | D:5      | Reached XP level 8. HP: 45/45 MP: 11/18
  6334 | D:5      | Noticed Ijyb
  6355 | D:5      | Killed Ijyb
  6361 | D:5      | Found an ornate altar of the Wu Jian Council.
  6543 | D:5      | Reached skill level 5 in Dodging
  6613 | D:5      | Reached * piety under Vehumet
  6613 | D:5      | Offered knowledge of Foxfire by Vehumet.
  6613 | D:5      | Reached skill level 5 in Conjurations
  7408 | D:5      | Noticed Pikel
  7423 | D:5      | Killed Pikel
  7423 | D:5      | Reached XP level 9. HP: 47/51 MP: 10/20
  7502 | D:5      | Noticed Grinder
  7513 | D:5      | Killed Grinder
  8118 | D:6      | Found an iron altar of Okawaru.
  8764 | D:7      | Offered knowledge of Shock by Vehumet.
  8803 | D:7      | Found an ancient bone altar of Kikubaaqudgha.
  8810 | D:7      | Found a stormy altar of Qazlal.
  8815 | D:7      | Found a shimmering blue altar of Sif Muna.
  8826 | D:7      | Found a hazy altar of Hepliaklqana.
  8833 | D:7      | Found a shimmering altar of Xom.
  8838 | D:7      | Found a white marble altar of Elyvilon.
  8845 | D:7      | Found a shadowy altar of Dithmenos.
  8944 | D:7      | Reached ** piety under Vehumet
  9573 | D:7      | Found a staircase to the Ecumenical Temple.
 10054 | D:8      | Found Laoxzowi's Armour Shoppe.
 10379 | D:8      | Found a basalt altar of Yredelemnul.
 10439 | D:8      | Found a sand-covered staircase.
 10455 | Ossuary  | Entered an ossuary
 10567 | Ossuary  | Offered knowledge of Stone Arrow by Vehumet.
 10572 | Ossuary  | Learned a level 3 spell: Stone Arrow
 10636 | Ossuary  | Reached XP level 10. HP: 48/56 MP: 7/23
 10753 | Ossuary  | Reached *** piety under Vehumet
 10944 | D:8      | Found a runed translucent door.
 10944 | D:8      | Noticed a sixfirhy
 11781 | D:8      | Reached skill level 1 in Evocations
 12016 | D:9      | Noticed a gargoyle
 12095 | D:9      | Reached skill level 1 in Earth Magic
 12106 | D:9      | Offered knowledge of Fulminant Prism by Vehumet.
 12612 | D:9      | Killed a gargoyle
 12840 | D:9      | Noticed a two-headed ogre
 12868 | D:9      | Reached **** piety under Vehumet
 12873 | D:9      | Killed a two-headed ogre
 13131 | D:9      | Found a hide-covered altar of Uskayaw.
 13200 | D:9      | Found Ikkun's Book Emporium.
 13285 | D:9      | Offered knowledge of Ignite Poison by Vehumet.
 13647 | D:10     | Entered Level 10 of the Dungeon
 13835 | D:10     | Found a runed translucent door.
 13835 | D:10     | Noticed a fire dragon
 13836 | D:10     | Found the +2 shield of Resistance {rF++ rC++ MR++}
 13836 | D:10     | Found a runed translucent door.
 13838 | D:10     | Noticed a fire dragon
 13838 | D:10     | Noticed an ice dragon
 13842 | D:10     | Noticed an ice dragon
 14640 | D:11     | Reached XP level 11. HP: 62/62 MP: 16/25
 14744 | D:11     | Noticed Harold
 14759 | D:11     | Reached skill level 5 in Fighting
 14760 | D:11     | Killed Harold
 14878 | D:11     | Found a staircase to the Lair.
 14885 | D:11     | Noticed a brown ugly thing
 14887 | D:11     | Reached ***** piety under Vehumet
 14921 | D:11     | Killed a brown ugly thing
 14946 | D:11     | Noticed Erolcha
 15347 | D:11     | Noticed Grum
 15363 | D:11     | Killed Grum
 15363 | D:11     | Offered knowledge of Lee's Rapid Deconstruction by Vehumet.
 15406 | D:11     | Learned a level 6 spell: Iron Shot
 15430 | D:11     | Noticed a purple ugly thing
 15438 | D:11     | Killed a purple ugly thing
 15764 | D:11     | Noticed Nergalle
 15770 | D:11     | Killed Nergalle
 16016 | D:11     | Killed Erolcha
 16016 | D:11     | Reached skill level 10 in Conjurations
 16402 | D:12     | Noticed a two-headed ogre
 16408 | D:12     | Killed a two-headed ogre
 16691 | D:12     | Noticed a two-headed ogre
 16695 | D:12     | Killed a two-headed ogre
 17010 | D:12     | Found a staircase to the Orcish Mines.
 17443 | D:12     | Noticed a cyan ugly thing
 17448 | D:12     | Killed a cyan ugly thing
 17448 | D:12     | Reached skill level 5 in Earth Magic
 17508 | D:12     | Killed an unseen horror
 17508 | D:12     | Reached XP level 12. HP: 57/69 MP: 17/27
 17972 | D:13     | You fall into a shaft and drop 1 floor!
 17987 | D:14     | Noticed Snorg
 17993 | D:14     | Killed Snorg
 17993 | D:14     | Reached skill level 10 in Spellcasting
 18126 | D:14     | Noticed Nessos
 18132 | D:14     | Killed Nessos
 18360 | D:13     | Noticed a two-headed ogre
 18364 | D:13     | Killed a two-headed ogre
 18366 | D:13     | Noticed Urug
 18378 | D:13     | Noticed a four-headed hydra
 18380 | D:13     | Noticed a centaur warrior
 18433 | D:13     | Killed a centaur warrior
 18466 | D:13     | Offered knowledge of Fireball by Vehumet.
 18585 | D:13     | Killed Urug
 18585 | D:13     | Reached skill level 5 in Evocations
 18893 | D:13     | Killed a four-headed hydra
 19439 | D:13     | Found a gate to the Vaults.
 19636 | D:14     | Noticed a catoblepas
 19665 | D:14     | Killed a catoblepas
 19665 | D:14     | Reached skill level 10 in Ice Magic
 19839 | D:14     | Found a white marble altar of Elyvilon.
 19933 | D:13     | Reached skill level 10 in Dodging
 20343 | D:14     | Reached XP level 13. HP: 66/76 MP: 5/29
 20764 | D:14     | Noticed Jorgrun
 20766 | D:14     | Killed Jorgrun
 21852 | D:15     | Entered Level 15 of the Dungeon
 22537 | D:15     | Noticed a fire dragon
 22537 | D:15     | Noticed a fire dragon
 22561 | D:15     | Killed a fire dragon
 22564 | D:15     | Killed a fire dragon
 22675 | D:15     | Found a staircase to the Depths.
 23100 | D:15     | Offered knowledge of Conjure Ball Lightning by Vehumet.
 23412 | Lair:1   | Entered Level 1 of the Lair of Beasts
 23443 | Lair:1   | You fall into a shaft and drop 1 floor!
 23489 | Lair:2   | Found a staircase to the Snake Pit.
 23762 | Lair:2   | Found a runed translucent door.
 23766 | Lair:2   | Noticed Gargoyl's ghost (journeyman GnAK)
 23966 | Lair:1   | Found a runed translucent door.
 24139 | Lair:1   | Reached XP level 14. HP: 82/82 MP: 31/31
 24747 | Lair:1   | Noticed Libelnon's ghost (journeyman HuWz)
 24753 | Lair:1   | Killed Libelnon's ghost
 24965 | Lair:2   | Got a dull robe
 24966 | Lair:2   | Identified the +2 robe of the Marlin {rElec Str+4 Stlth+}
                  | (You found it on level 2 of the Lair of Beasts)
 26058 | Lair:3   | Offered knowledge of Yara's Violent Unravelling by Vehumet.
 26067 | Lair:3   | Learned a level 7 spell: Spellforged Servitor
 26386 | Lair:4   | Found a frozen archway.
 26489 | IceCv    | Entered an ice cave
 26718 | IceCv    | Upgraded the game from 0.26-a0-542-gbaa144ba5c to
                  | 0.26-a0-546-g3c2127501a
 27197 | IceCv    | Found an ancient bone altar of Kikubaaqudgha.
 27871 | Lair:4   | Found a staircase to the Swamp.
 28965 | Lair:4   | Offered knowledge of Lightning Bolt by Vehumet.
 28977 | Lair:4   | Reached skill level 5 in Summonings
 29368 | Lair:4   | Identified the +10 dagger of Sharkskin {freeze, Str+3 SInv}
 30333 | Lair:5   | Found a viscous altar of Jiyva.
 30334 | Lair:5   | Found a staircase to the Slime Pits.
 30798 | Lair:5   | Reached XP level 15. HP: 88/88 MP: 31/33
 31413 | Lair:6   | Entered Level 6 of the Lair of Beasts
 32205 | Lair:6   | Reached ****** piety under Vehumet
 32694 | Lair:6   | Offered knowledge of Ozocubu's Refrigeration by Vehumet.
 32731 | Lair:6   | Learned a level 6 spell: Ozocubu's Refrigeration
 34158 | Orc:1    | Entered Level 1 of the Orcish Mines
 34359 | Orc:1    | Noticed an orc warlord
 34360 | Orc:1    | Reached skill level 15 in Conjurations
 34378 | Orc:1    | Killed an orc warlord
 35086 | Orc:1    | Offered knowledge of Chain Lightning by Vehumet.
 35240 | Orc:1    | Found a roughly hewn altar of Beogh.
 35454 | Orc:2    | Entered Level 2 of the Orcish Mines
 35461 | Orc:2    | Found Mappulat's Jewellery Shoppe.
 35470 | Orc:2    | Reached skill level 10 in Earth Magic
 35471 | Orc:2    | Found Cupong's Jewellery Emporium.
 35474 | Orc:2    | Found Bofepnez's Jewellery Shop.
 35491 | Orc:2    | Noticed Rupert
 35499 | Orc:2    | Killed Rupert
 35499 | Orc:2    | Reached XP level 16. HP: 96/96 MP: 1/35
 35701 | Orc:2    | Found Dobro's Antique Armour Shoppe.
 35860 | Orc:2    | Found a staircase to the Elven Halls.
 35870 | Orc:2    | Offered knowledge of Fire Storm by Vehumet.
 35870 | Orc:2    | Offered knowledge of Tornado by Vehumet.
 35870 | Orc:2    | Offered knowledge of Absolute Zero by Vehumet.
 35907 | Orc:2    | Found Yzxutt's Jewellery Boutique.
 36349 | Swamp:1  | Entered Level 1 of the Swamp
 38351 | Swamp:2  | Noticed a thorn hunter
 38353 | Swamp:2  | Killed a thorn hunter
 38396 | Swamp:2  | Noticed a thorn hunter
 38401 | Swamp:2  | Killed a thorn hunter
 39059 | Swamp:2  | Noticed Frances
 39063 | Swamp:2  | Killed Frances
 40762 | Swamp:3  | Found a shadowy altar of Dithmenos.
 41407 | Swamp:4  | Entered Level 4 of the Swamp
 42069 | Swamp:4  | HP: 2/97 [eight-headed hydra (12)]
 42551 | Swamp:4  | Reached XP level 17. HP: 101/101 MP: 35/37
 43038 | Swamp:4  | Got a decaying rune of Zot
 43217 | Swamp:4  | Reached skill level 15 in Ice Magic
 43820 | Snake:1  | Entered Level 1 of the Snake Pit
 43870 | Snake:1  | Reached skill level 10 in Fighting
 44547 | Snake:1  | Found a shattered altar of Ashenzari.
 45008 | Snake:1  | Got a sparkling lapis lazuli ring
 45009 | Snake:1  | Identified the ring of Zonixkieps {rC+ SInv} (You found it
                  | on level 1 of the Snake Pit)
 45269 | Snake:1  | Reached skill level 15 in Spellcasting
 45756 | Snake:2  | Found a basalt altar of Yredelemnul.
 46845 | Snake:3  | Learned a level 9 spell: Absolute Zero
 47356 | Snake:3  | Identified a +2 pair of boots of running (You found it on
                  | level 3 of the Snake Pit)
 48367 | Snake:4  | Entered Level 4 of the Snake Pit
 48395 | Snake:4  | Reached XP level 18. HP: 108/108 MP: 39/39
 49261 | Orc:2    | Bought the ring "Gaxiff" {rElec Int+4 SInv} for 635 gold
                  | pieces
 49513 | Snake:4  | Found Miekuhi's Weapon Boutique.
 49517 | Snake:4  | Found Kiyta's Weapon Boutique.
 49517 | Snake:4  | Found Pixei's Armour Boutique.
 49518 | Snake:4  | Found Ymittung's Antique Armour Boutique.
 51408 | Snake:4  | Got a serpentine rune of Zot
 51629 | Vaults:1 | Entered Level 1 of the Vaults
 52296 | Vaults:1 | Reached skill level 15 in Dodging
 52926 | Vaults:1 | Reached XP level 19. HP: 114/114 MP: 22/41
 54580 | Vaults:2 | Reached skill level 1 in Staves
 54717 | Vaults:2 | Found Vecaiw's Magic Scroll Emporium.
 54721 | Vaults:2 | Bought a scroll of teleportation for 60 gold pieces
 54721 | Vaults:2 | Bought a scroll of identify for 40 gold pieces
 54721 | Vaults:2 | Bought a scroll of teleportation for 60 gold pieces
 54721 | Vaults:2 | Bought 3 scrolls of teleportation for 180 gold pieces
 54721 | Vaults:2 | Bought a scroll of acquirement for 1040 gold pieces
 54729 | Vaults:2 | Acquired the +2 hood of the Assassin {Detection Stab+
                  | Stlth++}
 54730 | Vaults:2 | Found the +2 hood of the Assassin {Detection Stab+ Stlth++}
 55334 | Vaults:2 | Found a staircase to the Crypt.
 57176 | Vaults:3 | Found Xijeuman's Weapon Emporium.
 57383 | Vaults:3 | Reached XP level 20. HP: 120/120 MP: 8/42
 58798 | Vaults:4 | Found Tifusch's Book Shop.
 58806 | Vaults:4 | Noticed Donald
 58810 | Vaults:4 | Killed Donald
 59374 | Vaults:4 | Noticed Xtahua
 59380 | Vaults:4 | Killed Xtahua
 59502 | Vaults:4 | Noticed Mara
 59508 | Vaults:4 | Noticed Turtleman12345's illusion
 59508 | Vaults:4 | Killed Mara
 60297 | Vaults:4 | Noticed Agnes
 60300 | Vaults:4 | Killed Agnes
 60302 | Vaults:4 | Reached skill level 5 in Staves
 61102 | Depths:1 | Entered Level 1 of the Depths
 61104 | Depths:1 | Noticed a caustic shrike
 61109 | Depths:1 | Killed a caustic shrike
 62235 | Depths:1 | Found Kousekyu's Jewellery Emporium.
 62239 | Depths:1 | Found Ycoakuq's Assorted Antiques.
 62245 | Depths:1 | Reached XP level 21. HP: 127/127 MP: 29/44
 62313 | Depths:1 | Bought a potion of curing for 90 gold pieces
 62339 | Depths:1 | Noticed Sojobo
 62343 | Depths:1 | Killed Sojobo
 62390 | Depths:1 | Found Nodup's General Store.
 62406 | Depths:1 | Found Hainorr's Book Shop.
 63464 | Depths:1 | Found Viur's Gadget Boutique.
 63550 | Depths:1 | Noticed Saint Roka
 63568 | Depths:1 | Killed Saint Roka
 63751 | Depths:1 | Found a gateway to a ziggurat.
 63768 | Depths:1 | You fall into a shaft and drop 1 floor!
 64379 | Depths:2 | Found a gateway to Hell.
 64504 | Depths:2 | Reached skill level 15 in Earth Magic
 65058 | Depths:2 | Identified the +2 leather armour of Tomorrow {rF+}
 65157 | Depths:2 | Identified the ring "Ufiam" {rF+ MR+ Str+4}
 65193 | Depths:2 | Found a burning altar of Makhleb.
 65295 | Depths:2 | Identified the Grimoire of the Shifting Blaze
 65306 | Depths:2 | Learned a level 8 spell: Controlled Blink
 65330 | Depths:2 | Found a runed translucent door.
 65371 | Depths:2 | Found a runed translucent door.
 65497 | Depths:2 | Reached skill level 1 in Translocations
 65508 | Depths:2 | Noticed a juggernaut
 65509 | Depths:2 | Killed a juggernaut
 65916 | Depths:2 | Found Muargh's Antique Weapon Emporium.
 65934 | Depths:2 | Reached XP level 22. HP: 133/133 MP: 38/46
 67116 | Depths:3 | Noticed a juggernaut
 67117 | Depths:3 | Killed a juggernaut
 67625 | Depths:3 | Noticed a golden dragon
 67625 | Depths:3 | Noticed a golden dragon
 67626 | Depths:3 | Killed a golden dragon
 67629 | Depths:3 | Noticed a golden dragon
 67632 | Depths:3 | Killed a golden dragon
 67634 | Depths:3 | Killed a golden dragon
 67636 | Depths:3 | Paralysed by a great orb of eyes for 6 turns
 67889 | Depths:3 | Reached skill level 5 in Translocations
 68076 | Depths:3 | Noticed a caustic shrike
 68077 | Depths:3 | Killed a caustic shrike
 68301 | Depths:3 | Noticed a golden dragon
 68304 | Depths:3 | Killed a golden dragon
 68439 | Depths:3 | Identified the ring of Hevuoh {*Slow rF++ MR+ SInv}
 68542 | Depths:3 | Noticed a golden dragon
 68545 | Depths:3 | Killed a golden dragon
 68610 | Depths:3 | Noticed a juggernaut
 68612 | Depths:3 | Found a one-way gate leading to the halls of Pandemonium.
 68632 | Depths:3 | Killed a juggernaut
 68841 | Depths:3 | Found the +15 Maxwell's patent armour {-Cast -Tele rElec
                  | MR+ rCorr}
 69030 | Depths:4 | Noticed a golden dragon
 69166 | Depths:4 | Killed a golden dragon
 69235 | Depths:4 | Noticed a juggernaut
 69236 | Depths:4 | Killed a juggernaut
 69236 | Depths:4 | Reached XP level 23. HP: 122/138 MP: 38/47
 69301 | Depths:4 | Acquired an uncursed staff of wizardry
 69330 | Depths:4 | Reached skill level 10 in Evocations
 69380 | Depths:4 | Identified the ring "Ges Ucur" {MP+9 Int+4}
 69753 | Depths:4 | Noticed a caustic shrike
 69754 | Depths:4 | Killed a caustic shrike
 70248 | Depths:4 | Identified the ring of Yendor {rC+ rN+ Stlth+}
 70307 | Depths:4 | Found a one-way gate to the infinite horrors of the Abyss.
 70514 | Depths:4 | Identified the amulet "Ceffum" {Spirit Dex+3 Slay+3} (You
                  | found it on level 4 of the Depths)
 70907 | Depths:4 | Acquired a book of Alchemy
 71410 | Depths:4 | Noticed a caustic shrike
 71412 | Depths:4 | Killed a caustic shrike
 71675 | Depths:5 | Entered Level 5 of the Depths
 71894 | Depths:5 | Noticed a juggernaut
 71898 | Depths:5 | Killed a juggernaut
 72362 | Depths:5 | Found a gate to the Realm of Zot.
 73688 | Depths:5 | Found a gateway to a bazaar.
 73827 | Depths:5 | Noticed Jory
 73828 | Depths:5 | Killed Jory
 74172 | Vaults:5 | Entered Level 5 of the Vaults
 74175 | Vaults:5 | Reached XP level 24. HP: 145/145 MP: 48/49
 74175 | Vaults:5 | Noticed an ancient lich
 74178 | Vaults:5 | Killed an ancient lich
 75027 | Vaults:5 | Reached skill level 10 in Translocations
 75360 | Vaults:5 | Identified the ring of Lazerphol {rElec rN++ Str-5 Int+6}
 75912 | Vaults:5 | Identified the +7 flail of a bailey {freeze, rElec Str-2
                  | Int+9 Dex+3}
 76190 | Vaults:5 | Got a silver rune of Zot
 76275 | Vaults:5 | Found Ategaam's General Store.
 76303 | Vaults:5 | Bought a scroll of fog for 36 gold pieces
 76303 | Vaults:5 | Bought a scroll of teleportation for 54 gold pieces
 76303 | Vaults:5 | Bought a scroll of remove curse for 54 gold pieces
 77831 | Vaults:5 | Reached XP level 25. HP: 152/152 MP: 44/50
 78175 | Vaults:5 | Identified the cursed +0 pair of boots "Uxelueq" {+Fly rC++
                  | rCorr Stlth-} (You found it on level 5 of the Vaults)
 78177 | Vaults:5 | Identified the amulet "Junted" {Faith *Contam MR+ Slay+2}
                  | (You found it on level 5 of the Vaults)
 78405 | Elf:1    | Entered Level 1 of the Elven Halls
 78984 | Elf:1    | Identified Xeynlef's Papyrus of Battle Magic
 79951 | Elf:2    | Found a ruined gateway.
 79958 | Desolati | Entered the Desolation of Salt
 80097 | Desolati | Identified the amulet "Bugh" {Acrobat rF+ rN+ Dex+4} (You
                  | found it in the Desolation of Salt)
 80114 | Desolati | Identified the Reference Book on Creation
 80116 | Desolati | Identified Sif Muna's Grimoire of Lightness and Envenoming
 80956 | Desolati | Identified the Volume of the Ghastly Volcanoes
 81098 | Desolati | Identified the ring "Nomin" {+Fly Dex+6} (You found it in
                  | the Desolation of Salt)
 81113 | Desolati | Identified the ring of Beegoosa {*Tele Dex+7} (You found it
                  | in the Desolation of Salt)
 82106 | Elf:2    | Found a runed translucent gate.
 82106 | Elf:2    | Found a runed translucent gate.
 82108 | Elf:2    | Found a runed translucent gate.
 83054 | Elf:3    | Entered Level 3 of the Elven Halls
 83559 | Elf:3    | Identified the Compendium of Hexes
 83615 | Elf:3    | Identified the Incunabulum of Flamy Darkness
 83679 | Elf:3    | Identified the Handbook of Warped Enchantment
 83743 | Elf:3    | Identified the ring of Reimbursement {*Contam rElec rPois
                  | rC++ MP+9} (You found it on level 3 of the Elven Halls)
 83747 | Elf:3    | Identified the ring of Ityobeb {rElec rF- rCorr Str+3
                  | Dex+6} (You found it on level 3 of the Elven Halls)
 83756 | Elf:3    | Identified the ring "Xuaneru" {MR+ EV+4} (You found it on
                  | level 3 of the Elven Halls)
 84022 | Elf:3    | Reached XP level 26. HP: 158/158 MP: 51/51
 84637 | Depths:4 | Voluntarily entered the Abyss.
 84780 | Abyss:1  | Gained mutation: You are clumsy. (Dex -2) [a neqoxec]
 84992 | Abyss:1  | Reached skill level 1 in Air Magic
 85120 | Abyss:1  | Found a radiant altar of Vehumet.
 85528 | Abyss:1  | Found a corrupted altar of Lugonu.
 85634 | Abyss:1  | Found a corrupted altar of Lugonu.
 85828 | Depths:4 | Escaped the Abyss
 86145 | Hell     | Entered the Vestibule of Hell
 86155 | Hell     | Noticed Geryon
 86321 | Hell     | Killed Geryon
 87657 | Hell     | Found a gateway to the freezing wastes of Cocytus.
 87823 | Hell     | Found a gateway to the Iron City of Dis.
 87877 | Hell     | Found a gateway to the ashen valley of Gehenna.
 88013 | Hell     | Found a gateway to the decaying netherworld of Tartarus.
 88110 | Geh:1    | Entered Level 1 of Gehenna
 89209 | Elf:3    | Identified the +5 tower shield of the Thistle {rElec} (You
                  | found it on level 3 of the Elven Halls)
 90778 | Geh:2    | Reached XP level 27. HP: 153/164 MP: 9/52
 92878 | Geh:2    | Reached skill level 5 in Air Magic
 93998 | Geh:2    | Reached skill level 15 in Fighting
 99069 | Geh:3    | Reached skill level 10 in Air Magic
102399 | Hell     | Learned a level 9 spell: Fire Storm
102525 | Geh:4    | Reached skill level 1 in Fire Magic
105236 | Geh:6    | Reached skill level 5 in Fire Magic
106092 | Geh:7    | Entered Level 7 of Gehenna
108369 | Geh:7    | Identified the +7 sceptre of Asmodeus
108369 | Geh:7    | Noticed Asmodeus
108371 | Geh:7    | Killed Asmodeus
108436 | Geh:7    | Got an obsidian rune of Zot
108757 | Depths:4 | Voluntarily entered the Abyss.
109269 | Abyss:1  | Reached skill level 27 in Conjurations
110007 | Depths:4 | Escaped the Abyss
110130 | Depths:4 | Voluntarily entered the Abyss.
110138 | Abyss:1  | Found a corrupted altar of Lugonu.
110695 | Depths:4 | Escaped the Abyss
110933 | Coc:1    | Entered Level 1 of Cocytus
115392 | Coc:1    | Reached skill level 10 in Fire Magic
115485 | Coc:1    | Learned a level 9 spell: Tornado
116353 | Coc:2    | You fall into a shaft and drop 1 floor!
122159 | Coc:4    | You fall into a shaft and drop 2 floors!
123048 | Coc:6    | Reached skill level 27 in Spellcasting
125712 | Coc:7    | Entered Level 7 of Cocytus
126195 | Coc:7    | Reached skill level 15 in Air Magic
128057 | Coc:4    | You fall into a shaft and drop 2 floors!
128943 | Coc:7    | Identified the +5 battleaxe of the Present {freeze, rElec
                  | Dex+4}
128943 | Coc:7    | Identified the ring of Xonekki {rElec Int+6 Dex+3 Stlth-}
128943 | Coc:7    | Noticed Antaeus
128945 | Coc:7    | Killed Antaeus
129602 | Coc:7    | Found the +2 hat of the Bear Spirit {Spirit, +Rage rN+
                  | MR++}
129602 | Coc:7    | Got an icy rune of Zot
129895 | Dis:1    | Entered Level 1 of the Iron City of Dis
131876 | Dis:1    | Reached skill level 27 in Ice Magic
133055 | Dis:2    | Reached skill level 15 in Fire Magic
134307 | Dis:3    | Reached skill level 10 in Summonings
141534 | Dis:7    | Entered Level 7 of the Iron City of Dis
145426 | Dis:7    | Reached skill level 15 in Evocations
145466 | Dis:7    | Reached skill level 5 in Stealth
146303 | Dis:7    | Identified the +9 hunting sling of the Boiling Point
                  | {vorpal, rPois MR++ Int-5}
147418 | Dis:7    | Identified the ring of Harmony {rN+ Int+3 Dex+2 Stlth-}
                  | (You found it on level 7 of the Iron City of Dis)
147844 | Dis:7    | Identified the +4 staff of Dispater
147844 | Dis:7    | Noticed Dispater
147845 | Dis:7    | Killed Dispater
147898 | Dis:7    | Identified Iluh's Handbook of Shifting Unholy Secrets
147905 | Dis:7    | Got an iron rune of Zot
148489 | Dis:7    | Identified the ring of Goilex {rPois rN++ AC+4} (You found
                  | it on level 7 of the Iron City of Dis)
148944 | Tar:1    | Entered Level 1 of Tartarus
149679 | Tar:1    | Reached skill level 1 in Polearms
149715 | Hell     | Touched by the power of Zot.
149846 | Hell     | Touched by the power of Zot.
150459 | Hell     | Touched by the power of Zot.
150567 | Hell     | Touched by the power of Zot.
150672 | Hell     | Touched by the power of Zot.
150869 | Pan      | Entered Pandemonium
151198 | Pan      | Found a runed translucent door.
151205 | Pan      | Found a runed translucent door.
151220 | Pan      | Found a runed translucent door.
151230 | Pan      | Found a runed translucent door.
151235 | Pan      | Noticed Kurafuq the pandemonium lord
151236 | Pan      | Killed Kurafuq the pandemonium lord
152222 | Pan      | Reached skill level 10 in Stealth
153379 | Pan      | Noticed Ubesom the pandemonium lord
153403 | Pan      | Killed Ubesom the pandemonium lord
153960 | Pan      | Found an exit through the horrors of the Abyss.
154457 | Pan      | Reached skill level 27 in Dodging
155024 | Pan      | Gained mutation: Your flesh is heat resistant. (rF+) [a
                  | neqoxec]
155030 | Pan      | Noticed Astoigihe the pandemonium lord
155040 | Pan      | Killed Astoigihe the pandemonium lord
156678 | Pan      | Noticed Gimor the pandemonium lord
156681 | Pan      | Killed Gimor the pandemonium lord
156681 | Pan      | Reached skill level 5 in Polearms
156944 | Pan      | Found an exit through the horrors of the Abyss.
158541 | Pan      | Entered the realm of Lom Lobon.
158541 | Pan      | Noticed Lom Lobon
158542 | Pan      | Killed Lom Lobon
160641 | Pan      | Got a magical rune of Zot
160862 | Pan      | Entered the realm of Cerebov.
161486 | Pan      | Identified the ring of Fiace {rCorr Dex+6} (You found it in
                  | Pandemonium)
161691 | Pan      | Identified Jivud's Volume of the Volcanoes
162239 | Pan      | Identified the +6 sword of Cerebov {flame}
162239 | Pan      | Noticed Cerebov
162241 | Pan      | Killed Cerebov
163826 | Pan      | Got a fiery rune of Zot
163904 | Pan      | Entered the realm of Mnoleg.
164428 | Pan      | Gained mutation: You are very clumsy. (Dex -4) [a neqoxec]
164655 | Pan      | Noticed Mnoleg
164656 | Pan      | Killed Mnoleg
164659 | Pan      | Gained mutation: You are partially covered in yellow
                  | scales. (AC +2) [a neqoxec]
164675 | Pan      | Reached skill level 15 in Stealth
164766 | Pan      | Gained mutation: Your magical capacity is low. (-10% MP) [a
                  | neqoxec]
165518 | Pan      | Got a glowing rune of Zot
166648 | Pan      | Noticed Ehuaboav the pandemonium lord
166650 | Pan      | Killed Ehuaboav the pandemonium lord
166710 | Pan      | Got a demonic rune of Zot
166812 | Pan      | Gained mutation: You are somewhat resistant to further
                  | mutation. [a cacodemon]
167968 | Pan      | Found an exit through the horrors of the Abyss.
168008 | Pan      | Noticed Qykots the pandemonium lord
168009 | Pan      | Killed Qykots the pandemonium lord
169318 | Pan      | Noticed Goygawn the pandemonium lord
169322 | Pan      | Killed Goygawn the pandemonium lord
169642 | Pan      | Found an exit through the horrors of the Abyss.
171363 | Pan      | Noticed Xicekh the pandemonium lord
171368 | Pan      | Killed Xicekh the pandemonium lord
172223 | Pan      | Reached skill level 10 in Polearms
173022 | Pan      | Found an exit through the horrors of the Abyss.
173331 | Pan      | Gained mutation: You are frail. (-10% HP) [a cacodemon]
173358 | Pan      | Gained mutation: You are very frail. (-20% HP) [a
                  | cacodemon]
174015 | Pan      | Identified Sif Muna's Tome of Flying Toxins
174034 | Pan      | Identified the ring "Inicux" {Wiz +Blink} (You found it in
                  | Pandemonium)
174546 | Pan      | Identified the Papyrus of Conjuration
175256 | Pan      | Noticed Regeulola the pandemonium lord
175257 | Pan      | Killed Regeulola the pandemonium lord
175270 | Pan      | Killed from afar by a Brimstone Fiend

Illustrated notes

Levels and vault maps discovered:
D:1:      lemuel_arrival_behind_the_door_large, layout_basic,
          corexii_hall_statues_l, corner_web_ring, serial_bayou_lagoon_a
D:2:      layout_loops_ring, nicolae_ashenzari_panopticon, serial_forest,
          infiniplex_forest_clump_diagonal, infiniplex_forest_corner_2,
          infiniplex_forest_straight_3, infiniplex_forest_end_2,
          infiniplex_forest_clump_cross, infiniplex_forest_straight_3,
          infiniplex_forest_lined_3_way, infiniplex_forest_clump_medium,
          infiniplex_forest_lined_4_way, ebering_dispersal_statue_hall,
          kennysheep_pointless_box, uniq_natasha, uniq_crazy_yiuf_cottage,
          uniq_terence
D:3:      layout_loops_ring, portal_sewer_entry_d, uniq_robin
D:4:      layout_loops_ring, nicolae_overflow_crystal_walls,
          minmay_misc_feat_five
D:5:      layout_gridville, kennysheep_mini, uniq_prince_ribbit1, uniq_grinder,
          uniq_ijyb, uniq_pikel
D:6:      layout_basic, lemuel_round_altar, hex_tiny
D:7:      layout_loops_corners, grunt_temple_overflow_octagram,
          minmay_temple_entry_proselytizer
D:8:      cheibrodos_shockbox, layout_basic, overflow_temple_1_default,
          gup_ossuary_entry_pyramid, serial_shops, nicolae_shop_crystal
D:9:      layout_cave_pools, eat_drink_and_be_merry_uskayaw, serial_gnoll_camp,
          gnoll_camp_mini_loothouse, gnoll_camp_mini_hut, gnoll_camp_huts_basic,
          gnoll_camp_mini_shop
D:10:     layout_loops_ring, minmay_misc_feat_plants, statue_in_the_mist_lemuel,
          minmay_guarded_unrand_resistance
D:11:     layout_stronghold, due_lair_maze_entry_diamond, minmay_misc_feat_x,
          columned_hall_lemuel, chequers_mini_garden, uniq_harold, uniq_grum,
          uniq_erolcha, uniq_nergalle
D:12:     layout_cave_pools, orc_0_dummy, minmay_joined_circles
D:13:     layout_basic, david_vaults_1, uniq_urug
D:14:     layout_basic, hangedman_decor_push, elyvilon_altar_4, uniq_snorg,
          uniq_nessos, uniq_jorgrun
D:15:     grunt_enter_depths_hoard, layout_irregular_city,
          hangedman_decor_lopped
Lair:1:   layout_roguey, ebering_ghost_reflecting_pool
Lair:2:   layout_chaotic_city, minmay_snake_entry_six_corridors,
          ebering_ghost_inner_flame
Lair:3:   layout_misc_corridors, special_room [special_room_bee],
          roderic_carrion_pond, grunt_megastairs_5
Lair:4:   kb_forest_paths, layout_gridlike, skrybe_swamp_entry_bodies,
          portal_ice_cave_entry_ice_beasts, special_room
          [special_room_mythical_zoo], lemuel_old_faithful
Lair:5:   cheibrodos_lair_river_kwai, layout_big_grid, slime_altar_1,
          infiniplex_staircase_pool_2
Lair:6:   minmay_lair_end_enchanted_forest, layout_hall_layers,
          infiniplex_staircase_pool, serial_bayou_shore_a, lemuel_fruit_tree
Swamp:1:  layout_basic_swamp, evilmike_swamp_ruin_house_2, swamp_pool3
Swamp:2:  layout_falls_marsh, evilmike_swamp_ruin_house_3, uniq_frances
Swamp:3:  layout_basic_swamp, evilmike_swamp_ruin_house_4, swamp_pool2,
          nicolae_swamp_godswood
Swamp:4:  swamp, layout_basic_swamp, nicolae_swamp_dense_foliage
Snake:1:  layout_concentric_octagons, basic_altar
Snake:2:  layout_rooms, basic_altar
Snake:3:  layout_layer_cave, guppyfry_library_mini
Snake:4:  grunt_snake_rune_serpentine_throne, layout_cave_town,
          minmay_shop_grid_forest
Orc:1:    orc_temple, layout_caves
Orc:2:    st_orc_open, layout_caves, serial_shops, shop, uniq_rupert
Elf:1:    minmay_elf_arrival_circle, layout_geoelf_octagon,
          minmay_elf_annihilation
Elf:2:    layout_geoelf_diagonals, portal_desolation_entry_ruin, fountainhead
Elf:3:    minmay_elf_hall, layout_loops_corners
Vaults:1: v_pattern_1, nicolae_vaults_murderbox, vaults_mumra_hexcomb,
          nicolae_vaults_three_branches, hangedman_vaults_impose,
          hangedman_vaults_trim, vaults_room_pools, vaults_mumra_hex,
          vaults_room_grid, vaults_mumra_chevron_long, nicolae_vaults_alarming,
          vaults_dpeg_cross, nicolae_vaults_theta, layout_vaults_ring
Vaults:2: minmay_crypt_entry_simple_round, v_alt_pattern_3,
          ontoclasm_vaults_ligature, ontoclasm_vaults_shuriken,
          ontoclasm_vaults_bender, vaults_dpeg_hooks, layout_vaults_omnigrid,
          serial_shops, shop
Vaults:3: hangedman_vaults_stitches, dpeg_vaults_monster_box,
          grunt_vaults_focal, v_alt_pattern_3, v_misc_16,
          ontoclasm_vaults_shout, v_misc_18, vaults_mumra_lcd,
          ontoclasm_vaults_decontamination, nicolae_vaults_little_ls,
          grunt_vaults_trifunnel, vaults_room_ringed_pool, vaults_room_fours,
          layout_vaults_omnicross, serial_shops, shop_fountains
Vaults:4: sword_in_stone, v_alt_pattern_4, hangedman_vaults_nodes,
          grunt_vaults_bifocal, ontoclasm_vaults_ring_small,
          hangedman_vaults_nails, ontoclasm_vaults_claustrophobia, v_misc_14,
          v_pattern_5, vaults_room_semicircle, ontoclasm_vaults_loading_screen,
          nicolae_vaults_mini_display_case, hangedman_vaults_slice,
          vaults_room_fours, layout_vaults_omnibox, serial_shops,
          nicolae_shop_behind_doors, uniq_mara, uniq_xtahua, uniq_donald
Vaults:5
Depths:1: layout_big_octagon, enter_ziggurat_e, serial_shops, shop_fountains,
          shop, shop_fountains, nicolae_shop_crystal, shop, serial_bayou,
          serial_bayou_ford_a, serial_bayou_lagoon_b, serial_bayou_pond_e,
          serial_bayou_pond_b, pf_coc_iceberg, grunt_ministairs_12,
          evilmike_ambush [evilmike_ambush_outer_corners,
          evilmike_ambush_inner_wall_1], uniq_saint_roka, uniq_sojobo
Depths:2: evilmike_makhleb_hellhole, layout_small_grid, serial_shops,
          nicolae_shop_behind_doors, grunt_hell_horde, minmay_misc_feat_hallway,
          serial_bayou_pond_a, minmay_the_grid_2x2 [minmay_the_grid_gridbox,
          minmay_the_grid_small_cups, minmay_the_grid_mess,
          minmay_the_grid_prize_shrinking_boxes]
Depths:3: box_level_dp, pan_entry, hell_entry
Depths:4: minmay_four_inscribed_fans, layout_basic, grunt_hell_entry_dis_mu,
          abyss_entry, grunt_decor_arrowhead, minmay_misc_feat_chi,
          infiniplex_staircase_zigzag_4
Depths:5: grunt_x_marks_the_spot, layout_basic, pf_hell_entry_tar_river,
          serial_shops, bzr_entry_road, hangedman_abyss_or_decor_stabs,
          uniq_jory
Hell
Dis:1:    layout_subdivisions, evilmike_ambush [evilmike_ambush_outer_basic,
          evilmike_ambush_inner_basic]
Dis:2:    layout_subdivisions
Dis:3:    layout_regular_city
Dis:4:    layout_subdivisions
Dis:5:    layout_jigsaw, hangedman_player_shredder
Dis:6:    layout_regular_city
Dis:7:    dis_grunt_layers
Geh:1:    layout_gehenna_lava_caves, lemuel_flamethrower_2
Geh:2:    layout_gehenna_pools_triple, hangedman_elemental_grid_stream
Geh:3:    layout_gehenna_pools_triple
Geh:4:    layout_gehenna_pools_triple
Geh:5:    layout_gehenna_lava_caves
Geh:6:    layout_gehenna_lava_caves
Geh:7:    evilmike_geh
Coc:1:    layout_ice_bergs
Coc:2:    layout_ice_bergs, serial_ice, serial_ice_h
Coc:3:    layout_cocytus_water_paths
Coc:4:    layout_ice_bergs
Coc:6:    layout_ice_bergs
Coc:7:    coc_old
Tar:1:    layout_honeycomb
Pan:      rand_demon_7, layout_small_grid, nicolae_pan_strange_glyphs
          [nicolae_pan_strange_glyph_humiliation,
          nicolae_pan_strange_glyph_schadenfreude,
          nicolae_pan_strange_glyph_disappointment], evilmike_mini_pan_doors_b,
          layout_pan_divisions_b [pan_division_quadrant_b1,
          pan_division_quadrant_b4, pan_division_quadrant_b1,
          pan_division_quadrant_b6], nicolae_pan_sick_transit,
          nicolae_pan_cerebovesque_3, grunt_pan_zigzag, layout_gridlike,
          evilmike_mini_pan_branches, layout_stronghold, pan_blood_fountain,
          rand_demon_8, layout_basic, pan_blood_fountain_small,
          pan_blood_fountain_2, lom_lobon_spiral_st, layout_gridlike,
          nicolae_pan_mnolegish_4, cerebov_st, layout_small_grid,
          evilmike_mnoleg_eyes, layout_rooms, pan_blood_fountain_small,
          grunt_pan_frozen_over, layout_long_grid, nicolae_pan_cerebovesque_2,
          grunt_pan_zigzag, layout_pan_divisions_b [pan_division_quadrant_b1,
          pan_division_quadrant_b6, pan_division_quadrant_b6,
          pan_division_quadrant_b4], evilmike_mini_pan_corridor,
          layout_onion_city, rand_demon_6, layout_gridlike, pan_captured_pigsty,
          evilmike_mini_pan_pillars, layout_chambers,
          evilmike_mini_pan_pillars_b, layout_basic, pan_blood_fountain

Skill      XL: |  1  2  3  4  5  6  7  8  9 10 11 12 13 14 15 16 17 18 19 20 21 22 23 24 25 26 27 |
---------------+----------------------------------------------------------------------------------+-----
Stealth        | 3 4 18 | 18.0
Ice Magic      | 5 6 7 8 9 10 11 12 13 14 16 18 20 21 22 27 | 27.0
Fighting       | 1 2 3 4 5 6 7 8 9 10 11 12 13 14 22 | 22.1
Dodging        | 3 4 5 6 7 9 10 11 12 13 14 15 16 17 18 19 27 | 27.0
Spellcasting   | 4 5 6 7 8 9 10 11 12 13 14 15 16 17 18 20 21 22 23 27 | 27.0
Conjurations   | 1 3 4 5 7 9 10 12 13 14 15 16 17 18 19 20 21 22 23 24 27 | 27.0
Shields        | 1 2 3 4 |  4.0
Summonings     | 2 3 4 5 7 14 | 14.7
Evocations     | 3 4 5 6 7 8 9 10 20 | 20.1
Earth Magic    | 3 5 6 7 9 10 11 12 13 14 15 16 17 18 25 | 25.0
Staves         | 3 5 6 8 |  8.0
Translocations | 2 6 8 11 13 14 | 14.0
Air Magic      | 4 21 | 21.4
Fire Magic     | 21 | 21.4
Polearms       | 10 | 10.4

Action                   |  1- 3 |  4- 6 |  7- 9 | 10-12 | 13-15 | 16-18 | 19-21 | 22-24 | 25-27 || total
-------------------------+-------+-------+-------+-------+-------+-------+-------+-------+-------++-------
Melee: Dagger            |     1 |    22 |    94 |    33 |       |       |       |       |       ||   150
       Short sword       |       |    16 |       |       |       |       |       |       |       ||    16
       Quarterstaff      |       |     3 |       |       |       |       |       |       |       ||     3
       Long sword        |       |       |       |    12 |       |       |       |       |       ||    12
       Staff             |       |       |       |    17 |    58 |    17 |    26 |    32 |   490 ||   640
       Lance             |       |       |       |       |       |       |       |       |    50 ||    50
Throw: Dart              |       |       |       |     4 |     2 |       |       |       |       ||     6
 Cast: Freeze            |    39 |    62 |    76 |    40 |    50 |    28 |     1 |     3 |    48 ||   347
       Frozen Ramparts   |     3 |    18 |    41 |    29 |    23 |     2 |     1 |     3 |     6 ||   126
       Ozocubu's Armour  |       |     4 |       |     6 |     6 |     1 |     6 |     5 |     4 ||    32
       Hailstorm         |       |     1 |    15 |    30 |    24 |       |       |       |     2 ||    72
       Summon Ice Beast  |       |       |    14 |    32 |    10 |       |       |       |     1 ||    57
       Stone Arrow       |       |       |     1 |   245 |   340 |   111 |    32 |     6 |    27 ||   762
       Iron Shot         |       |       |       |    27 |   201 |   268 |   238 |    25 |  1484 ||  2243
       Spellforged Servi |       |       |       |       |    10 |     7 |     3 |     1 |    21 ||    42
       Ozocubu's Refrige |       |       |       |       |    32 |   192 |   187 |   126 |   656 ||  1193
       Absolute Zero     |       |       |       |       |       |     1 |    22 |   207 |  1963 ||  2193
       Controlled Blink  |       |       |       |       |       |       |       |       |    40 ||    40
       Fire Storm        |       |       |       |       |       |       |       |       |   312 ||   312
       Tornado           |       |       |       |       |       |       |       |       |    34 ||    34
Evoke: Wand              |       |       |       |     6 |     5 |     4 |     1 |     1 |    29 ||    46
       Condenser vane    |       |       |       |       |       |       |     2 |       |     5 ||     7
  Use: Potion            |       |       |     1 |       |       |     3 |     7 |       |    11 ||    22
       Scroll            |       |       |       |    10 |    14 |    14 |     7 |     5 |    30 ||    80
 Stab: Sleeping          |       |     4 |     7 |     4 |       |       |       |       |       ||    15
       Distracted        |       |       |       |       |       |       |       |     1 |     1 ||     2
Armor: Robe              |     3 |    18 |    28 |    55 |    19 |     8 |    16 |    10 |   249 ||   406
Dodge: Dodged            |    19 |    44 |   129 |   369 |   293 |   178 |   178 |   134 |  2070 ||  3414
       Repelled          |       |       |       |     2 |     5 |    13 |     4 |     6 |    22 ||    52
Block: Other             |       |    20 |    18 |       |       |       |       |       |       ||    38
       Reflection        |       |     3 |       |     6 |     3 |     8 |    10 |     6 |    15 ||    51
       Buckler           |       |       |    13 |    65 |    69 |    36 |    48 |    25 |   461 ||   717
       Rpst.: Long sword |       |       |       |     9 |       |       |       |       |       ||     9

Table legend: (Time is in decaauts)
 A = Elapsed time spent in this place.
 B = Non-inter-level travel time spent in this place.
 C = Inter-level travel time spent in this place.
 D = Time resting spent in this place.
 E = Time spent auto-exploring this place.
 F = Levels seen in this place.
 G = Mean time per level.
                   A        B        C        D        E       F      G
               +--------+--------+--------+--------+--------+-----+--------+
         Total | 172221 | 165672 |   6549 |  65009 |  76760 |  90 | 1913.6 |
       Dungeon |  24864 |  23275 |   1589 |   7693 |  11855 |  15 | 1657.6 |
          Lair |   9627 |   9022 |    605 |   2576 |   5197 |   6 | 1604.5 |
         Swamp |   7641 |   7260 |    381 |   3430 |   3109 |   4 | 1910.2 |
     Snake Pit |   7224 |   6927 |    297 |   2996 |   3219 |   4 | 1806.0 |
  Orcish Mines |   2159 |   1913 |    246 |    397 |   1221 |   2 | 1079.5 |
   Elven Halls |   4436 |   4100 |    336 |    862 |   2618 |   3 | 1478.7 |
        Vaults |  12789 |  12264 |    525 |   4992 |   5741 |   5 | 2557.8 |
        Depths |  13066 |  12277 |    789 |   5527 |   5287 |   5 | 2613.2 |
          Hell |   5971 |   5756 |    215 |   4886 |    429 |   1 | 5971.0 |
           Dis |  17213 |  16574 |    639 |   5199 |   9094 |   7 | 2459.0 |
       Gehenna |  18060 |  17850 |    210 |   6337 |   8554 |   7 | 2580.0 |
       Cocytus |  18032 |  17321 |    711 |   5687 |   9264 |   6 | 3005.3 |
      Tartarus |    624 |    624 |      0 |    336 |    109 |   1 |  624.0 |
         Abyss |   2930 |   2930 |      0 |   1668 |    452 |   6 |  488.3 |
   Pandemonium |  23541 |  23541 |      0 |  10643 |   9335 |  14 | 1681.5 |
         Sewer |    685 |    685 |      0 |    141 |    424 |   1 |  685.0 |
       Ossuary |    479 |    479 |      0 |    131 |    162 |   1 |  479.0 |
      Ice Cave |   1375 |   1375 |      0 |    923 |    169 |   1 | 1375.0 |
    Desolation |   1499 |   1499 |      0 |    579 |    514 |   1 | 1499.0 |
               +--------+--------+--------+--------+--------+-----+--------+

Top non-repeatable levels by time:
    Hell: 5971 daAuts
   Dis:7: 4951 daAuts
   Coc:1: 4786 daAuts
   Geh:2: 4767 daAuts
Depths:4: 4005 daAuts
Vaults:4: 3938 daAuts
   Coc:2: 3829 daAuts
   Coc:6: 3762 daAuts
Depths:3: 3216 daAuts
   Geh:3: 3150 daAuts
    D:15: 2920 daAuts
   Dis:5: 2897 daAuts
Vaults:5: 2627 daAuts
   Coc:7: 2606 daAuts
 Snake:4: 2601 daAuts
